 Dungeon Sprint DCSS version 0.19.0-2-gae57169 (webtiles) character file.

309101 Groucho the Conqueror (level 19, -2/186 HPs)
             Began as a Hill Orc Fighter on Nov 5, 2016.
             Was the Champion of Qazlal.
             Killed from afar by an orb of fire (76 damage)
             ... with a bolt of fire
             ... in the Dungeon (Sprint IX: "|||||||||||||||||||||||||||||").
             The game lasted 00:26:33 (13344 turns).

Groucho the Conqueror (Hill Orc Fighter)           Turns: 13344, Time: 00:26:33

Health: -2/186     AC: 38    Str: 26      XL:     19   Next: 68%
Magic:  30/36      EV: 28    Int:  7 (8)  God:    Qazlal [******]
Gold:   906        SH: 42    Dex: 15      Spells: 0 memorised, 18 levels left

rFire  + . .     SeeInvis .     P - +7 broad axe
rCold  . . .     Gourm    .     Z - +3 storm dragon scales
rNeg   . . .     Faith    .     U - +2 large shield
rPois  .         Spirit   .     o - +2 helmet
rElec  +         Reflect  +     y - +0 cloak
rCorr  .         Harm     .     I - +0 pair of gloves {Dex+3}
MR     +....     NoTele   +     C - +2 pair of boots {Fly}
Stlth  ..........               A - +5 amulet of reflection
                                r - +2 ring of evasion
                                b - +3 ring of strength

@: protected from fire, repel missiles
A: clumsy 1, deterioration 1, frail 1, MP-powered wands
a: Upheaval, Elemental Force, Disaster Area, Renounce Religion, Evoke Flight
}: 5/15 runes: decaying, serpentine, barnacled, silver, gossamer


You were in the Dungeon.
You worshipped Qazlal.
Qazlal was exalted by your worship.
You were not hungry.

You visited 1 branch You collected 1934 gold pieces.
You spent 1028 gold pieces at shops.

Inventory:

Hand Weapons
 P - a +7 broad axe (weapon)
Missiles
 F - 7 javelins
 R - 17 javelins of penetration
 S - 31 poisoned javelins (quivered)
Armour
 o - a +2 helmet (worn)
 y - a +0 cloak (worn)
 C - a +2 pair of boots of flying (worn)
 I - a +0 pair of gloves of dexterity (worn)
 U - a +2 large shield (worn)
 Z - +3 storm dragon scales (worn)
Jewellery
 a - an uncursed ring of protection from fire
 b - a +3 ring of strength (left hand)
 g - a +4 ring of evasion
 r - a +2 ring of evasion (right hand)
 A - a +5 amulet of reflection (around neck)
 G - an uncursed ring of protection from cold
 H - an uncursed ring of protection from fire
 M - a +6 ring of dexterity
 N - a +6 ring of dexterity
 O - a +4 ring of protection
 X - the amulet "Vusuwk" {RegenMP +Blink rPois rC+, unknown}
   (You found it in the Dungeon)

   [amulet of magic regeneration]

   It increases your magic regeneration.
   It protects you from cold.
   It protects you from poison.
   It lets you blink.
 Y - the amulet of Umaggait {Reflect Slay+2 SH+3}
   (You found it in the Dungeon)

   [amulet of reflection]

   It shields you and reflects attacks.
   It affects your accuracy and damage with ranged weapons and melee attacks
   (+2).
   It affects your SH (+3).
Wands
 n - a wand of lightning (6/15)
 p - a wand of hasting (5/9)
 D - a wand of disintegration (15/24)
 K - a wand of teleportation (4/9)
 V - a wand of digging (12/24)
Scrolls
 k - 3 scrolls of blinking
 l - 6 scrolls of remove curse
 m - 4 scrolls of amnesia
 t - 4 scrolls of fog
 u - 4 scrolls of fear
 v - 5 scrolls of recharging
 w - 4 scrolls of enchant weapon
 E - 3 scrolls of identify
 J - 2 scrolls of enchant armour
Potions
 c - 3 potions of heal wounds
 d - 3 potions of might
 e - 3 potions of berserk rage
 h - 3 potions of haste
 i - 4 potions of magic
 j - 11 potions of curing
 q - a potion of agility
 s - 5 potions of cure mutation
 B - a potion of degeneration {unknown}
 L - a potion of lignification {unknown}
 Q - 2 potions of flight {unknown}
 W - 2 potions of brilliance
Comestibles
 f - 10 meat rations
 x - 28 fruits
 z - 9 bread rations


   Skills:
 O Level 27 Fighting
 O Level 27 Axes
 O Level 27 Armour
 O Level 27 Dodging
 O Level 27 Shields
 O Level 27 Invocations
 + Level 12.6 Evocations


You had 18 spell levels left.
You didn't know any spells.

Dungeon Overview and Level Annotations

Branches:
Dungeon (1/1)

Altars:
Cheibriados
Dithmenos
Elyvilon
Fedhas
Gozag
Hepliaklqana
Kikubaaqudgha
Makhleb
Nemelex Xobeh
Okawaru
Qazlal
Ru
Sif Muna
Trog
Uskayaw
Vehumet
Xom
Yredelemnul
Zin
The Shining One
Beogh
Jiyva
Lugonu

Shops:
D *=*%


Innate Abilities, Weirdness & Mutations

You are clumsy. (Dex -2)
Your body sometimes deteriorates upon taking damage.
You are frail. (-10% HP)
You expend magic power (3 MP) to strengthen your wands.


Message History

Unknown command.
Unknown command.
Unknown command.
You slice the orb of fire!!
The orb of fire is almost destroyed.
Unknown command.
You slash the orb of fire!
The orb of fire is almost destroyed.
The orb of fire glows deep purple.
The bolt of fire misses you.
Unknown command.
You closely miss the orb of fire.
The orb of fire is almost destroyed.
Unknown command.
You miss the orb of fire.
The orb of fire is almost destroyed.
The orb of fire emits a lurid red light.
The bolt of fire hits you!
You feel protected from fire.
You die...

=.....)))))))...[[[[[[[..........
▓▓▓▓▓▓▓▓▓▓▓▓▓▓▓▓▓▓▓▓▓▓▓▓▓▓▓▓▓▓▓▓▓
.................................
▓▓▓▓▓▓▓▓▓▓▓▓▓▓▓▓▓▓▓▓▓▓▓▓▓▓▓▓▓▓▓▓▓
))[)..........[.).))))).....)')..
▓▓▓▓▓▓▓▓▓▓▓▓▓▓▓▓▓▓▓▓▓▓▓▓▓▓▓▓▓▓▓▓▓
.................................
▓▓▓▓▓▓▓▓▓▓▓▓▓▓▓▓▓▓▓▓▓▓▓▓▓▓▓▓▓▓▓▓▓
......'))).....'@*.+
▓▓▓▓▓▓▓▓▓▓▓▓▓▓▓▓▓▓▓▓


You could see an orb of fire.

Vanquished Creatures
  Mennas (D)
  An ancient lich (D)
  Mara (D)
  Boris (D)
  Sojobo (D)
  Margery (D)
  A curse toe (D)
  Nikola (D)
  A golden dragon (D)
  Jory (D)
  A lich (D)
  14 Orb Guardians (D)
  2 tentacled monstrosities (D)
  Rupert (D)
  A death cob (D)
  Ilsuiw (D)
  A storm dragon (D)
  2 tengu reavers (D)
  9 shadow dragons (D)
  A draconian monk (D)
  A draconian knight (D)
  4 nagarajas (D)
  2 fire giants (D)
  3 ghost moths (D)
  2 frost giants (D)
  3 emperor scorpions (D)
  A draconian scorcher (D)
  3 very ugly things (D)
  2 draconian shifters (D)
  A draconian zealot (D)
  4 draconian annihilators (D)
  A war gargoyle (D)
  7 stone giants (D)
  A spriggan defender (D)
  2 draconian callers (D)
  2 ironheart preservers (D)
  2 green draconians (D)
  A black draconian (D)
  3 purple draconians (D)
  3 dire elephants (D)
  4 mottled draconians (D)
  A red draconian (D)
  Snorg (D)
  2 white draconians (D)
  5 yellow draconians (D)
  2 merfolk javelineers (D)
  Josephine (D)
  5 ettins (D)
  3 fire dragons (D)
  A merfolk impaler (D)
  A yaktaur captain (D)
  25 vault guards (D)
  4 great orbs of eyes (D)
  4 ice dragons (D)
  2 rakshasas (D)
  A ghost crab (D)
  4 centaur warriors (D)
  9 hydras (D)
  Erica (D)
  3 naga warriors (D)
  An anaconda (D)
  A death knight (D)
  2 merfolk avatars (D)
  4 merfolk aquamancers (D)
  2 tengu warriors (D)
  4 alligators (D)
  7 ogre magi (D)
  A deep troll earth mage (D)
  Urug (D)
  2 orc high priests (D)
  A shock serpent (D)
  6 hell knights (D)
  Sonja (D)
  A salamander mystic (D)
  A skeletal warrior (D)
  2 unseen horrors (D)
  A sea snake (D)
  A deep troll (D)
  A flayed ghost (D)
  4 swamp dragons (D)
  2 ironbrand convokers (D)
  5 orc knights (D)
  2 ugly things (D)
  A hill giant (D)
  2 mana vipers (D)
  A wolf spider (D)
  A wolf spider (shapeshifter) (D)
  2 orc sorcerers (D)
  2 cyclopes (D)
  A manticore (D)
  A black mamba (D)
  5 elephants (D)
  2 sirens (D)
  8 moths of wrath (D)
  A moth of wrath (shapeshifter) (D)
  A water nymph (D)
  5 guardian serpents (D)
  4 vault sentinels (D)
  A spiny frog (D)
  2 yaktaurs (D)
  2 demonic crawlers (D)
  2 freezing wraiths (D)
  A yaktaur (shapeshifter) (D)
  A komodo dragon (D)
  2 merfolk (D)
  A polar bear (D)
  A slime creature (D)
  3 jumping spiders (D)
  3 hornets (D)
  A slime creature (shapeshifter) (D)
  3 blink frogs (D)
  A bog body (D)
  2 water elementals (D)
  A hippogriff (shapeshifter) (D)
  A tarantella (shapeshifter) (D)
  A tarantella (D)
  4 wraiths (D)
  5 redbacks (D)
  A basilisk (D)
  2 yaks (D)
  Eustachio (D)
  A mottled dragon (D)
  A naga (D)
  2 water moccasins (D)
  2 porcupines (D)
  A black bear (D)
  9 orc warriors (D)
  4 swamp drakes (D)
  An ice beast (D)
  A necrophage (D)
  3 crocodiles (D)
  5 bullfrogs (D)
  A crimson imp (D)
  A hound (D)
  4 orc priests (D)
  2 orc wizards (D)
  3 worker ants (D)
  An adder simulacrum (D)
  20 orcs (D)
  A bat (D)
  A giant cockroach (D)
  A quokka (D)
  A goblin (D)
  A kobold (D)
  A rat (D)
370 creatures vanquished.

Vanquished Creatures (others)
  Frederick (D)
  A nagaraja (D)
  A fire giant (D)
  A very ugly thing (D)
  A merfolk javelineer (D)
  A rakshasa (D)
  A merfolk aquamancer (D)
  A naga warrior (D)
  A naga mage (D)
9 creatures vanquished.

Grand Total: 379 creatures vanquished

Notes
Turn   | Place    | Note
-------+----------+-------------------------------------------
     0 | D        | Groucho the Hill Orc Fighter began the quest for the Orb.
     0 | D        | Reached XP level 1. HP: 19/19 MP: 1/1
    27 | D        | Noticed an ice beast
    27 | D        | Noticed a worker ant
    27 | D        | Noticed a worker ant
    27 | D        | Noticed a hound
    33 | D        | Killed an ice beast
    33 | D        | Reached skill level 5 in Fighting
    33 | D        | Reached skill level 5 in Armour
    33 | D        | Reached skill level 5 in Shields
    33 | D        | Reached XP level 2. HP: 30/30 MP: 2/2
    33 | D        | Reached XP level 3. HP: 37/37 MP: 3/3
    33 | D        | Reached XP level 4. HP: 44/44 MP: 4/4
    39 | D        | Reached XP level 5. HP: 50/50 MP: 5/5
   135 | D        | Found a roughly hewn altar of Beogh.
   135 | D        | Found a snail-covered altar of Cheibriados.
   135 | D        | Found a shadowy altar of Dithmenos.
   135 | D        | Found a white marble altar of Elyvilon.
   135 | D        | Found a blossoming altar of Fedhas.
   135 | D        | Found an opulent altar of Gozag.
   136 | D        | Found a hazy altar of Hepliaklqana.
   137 | D        | Found a viscous altar of Jiyva.
   138 | D        | Found an ancient bone altar of Kikubaaqudgha.
   139 | D        | Found a corrupted altar of Lugonu.
   140 | D        | Found a burning altar of Makhleb.
   141 | D        | Found a sparkling altar of Nemelex Xobeh.
   142 | D        | Found an iron altar of Okawaru.
   143 | D        | Found a stormy altar of Qazlal.
   144 | D        | Found a sacrificial altar of Ru.
   145 | D        | Found a deep blue altar of Sif Muna.
   146 | D        | Found a bloodstained altar of Trog.
   147 | D        | Found a hide-covered altar of Uskayaw.
   148 | D        | Found a radiant altar of Vehumet.
   149 | D        | Found a shimmering altar of Xom.
   150 | D        | Found a basalt altar of Yredelemnul.
   151 | D        | Became a worshipper of Qazlal Stormbringer
   152 | D        | Found a glowing silver altar of Zin.
   153 | D        | Found a glowing golden altar of the Shining One.
   208 | D        | Noticed a yak
   208 | D        | Noticed a crocodile
   208 | D        | Noticed a hornet
   216 | D        | Killed a yak
   216 | D        | Reached skill level 10 in Axes
   216 | D        | Reached XP level 6. HP: 59/61 MP: 5/9
   227 | D        | Reached * piety under Qazlal
   227 | D        | Reached skill level 5 in Invocations
   232 | D        | Reached XP level 7. HP: 69/69 MP: 6/11
   234 | D        | Paralysed by a hornet for 1 turns
   243 | D        | Killed a hornet
   243 | D        | Reached ** piety under Qazlal
   631 | D        | Reached *** piety under Qazlal
   631 | D        | Reached XP level 8. HP: 71/79 MP: 13/13
   899 | D        | Noticed a komodo dragon
   899 | D        | Noticed a blink frog
   900 | D        | Reached skill level 10 in Fighting
   904 | D        | Noticed a polar bear
   905 | D        | Killed a komodo dragon
   905 | D        | Reached skill level 10 in Shields
   923 | D        | Killed a blink frog
   923 | D        | Reached **** piety under Qazlal
   923 | D        | Reached skill level 10 in Armour
   924 | D        | Reached XP level 9. HP: 65/89 MP: 5/16
   926 | D        | Noticed a spiny frog
   942 | D        | Killed a polar bear
   942 | D        | Reached ***** piety under Qazlal
   942 | D        | Reached skill level 10 in Invocations
   946 | D        | Killed a spiny frog
  1143 | D        | Noticed a four-headed hydra
  1152 | D        | Killed a four-headed hydra
  1152 | D        | Reached XP level 10. HP: 99/99 MP: 8/18
  1486 | D        | Noticed a dire elephant
  1486 | D        | Noticed a dire elephant
  1486 | D        | Noticed an elephant
  1486 | D        | Noticed a dire elephant
  1486 | D        | Noticed an elephant
  1486 | D        | Noticed an elephant
  1489 | D        | Killed an elephant
  1489 | D        | Killed a dire elephant
  1489 | D        | Reached skill level 15 in Axes
  1490 | D        | Killed a dire elephant
  1495 | D        | Killed a dire elephant
  1495 | D        | Reached XP level 11. HP: 68/108 MP: 7/21
  1999 | D        | Noticed Josephine
  2005 | D        | Killed Josephine
  2319 | D        | Noticed an orc knight
  2337 | D        | Killed an orc knight
  2346 | D        | Reached ****** piety under Qazlal
  2422 | D        | Noticed an orc high priest
  2424 | D        | Killed an orc high priest
  2424 | D        | Reached skill level 15 in Fighting
  2424 | D        | Reached skill level 15 in Invocations
  2427 | D        | Noticed an orc knight
  2431 | D        | Noticed an orc knight
  2448 | D        | Killed an orc knight
  2460 | D        | Killed an orc knight
  2775 | D        | Found Quneirch's General Store.
  2775 | D        | Noticed an orc high priest
  2778 | D        | Noticed an orc sorcerer
  2781 | D        | Killed an orc high priest
  2781 | D        | Reached skill level 1 in Dodging
  2781 | D        | Reached XP level 12. HP: 108/121 MP: 14/23
  2785 | D        | Found Zourrayl's Jewellery Shoppe.
  2791 | D        | Found Eleum's Assorted Antiques.
  2793 | D        | Found Buhyclod's Food Shoppe.
  2825 | D        | Bought a +5 amulet of reflection for 350 gold pieces
  2834 | D        | Bought a potion of curing for 60 gold pieces
  2834 | D        | Bought a potion of haste for 200 gold pieces
  2834 | D        | Bought a viscous sapphire potion for 18 gold pieces
  2834 | D        | Bought a pair of embroidered boots for 210 gold pieces
  2836 | D        | Bought a crooked bronze wand for 80 gold pieces
  2836 | D        | Bought a scroll labeled UCHAICHECW for 20 gold pieces
  2842 | D        | Bought a scroll of identify for 20 gold pieces
  2842 | D        | Bought a potion of curing for 30 gold pieces
  2842 | D        | Bought a potion of might for 40 gold pieces
  3122 | D        | Noticed Urug
  3123 | D        | Noticed Eustachio
  3125 | D        | Killed Urug
  3138 | D        | Killed Eustachio
  3163 | D        | Noticed Erica
  3176 | D        | Killed Erica
  3176 | D        | Reached skill level 15 in Shields
  3653 | D        | Noticed a centaur warrior
  3653 | D        | Noticed an ogre mage
  3653 | D        | Noticed a tengu warrior
  3655 | D        | Killed an ogre mage
  3655 | D        | Reached skill level 15 in Armour
  3655 | D        | Killed a centaur warrior
  3659 | D        | Noticed a cyan very ugly thing
  3665 | D        | Noticed a rakshasa
  3669 | D        | Noticed an ogre mage
  3669 | D        | Noticed an ogre mage
  3671 | D        | Killed a tengu warrior
  3674 | D        | Killed a cyan very ugly thing
  3674 | D        | Reached skill level 5 in Dodging
  3677 | D        | Noticed a rakshasa
  3680 | D        | Noticed an ettin
  3682 | D        | Killed a rakshasa
  3683 | D        | Noticed an ettin
  3685 | D        | Killed an ogre mage
  3686 | D        | Noticed a fire dragon
  3693 | D        | Noticed a stone giant
  3696 | D        | Killed an ettin
  3710 | D        | Killed a fire dragon
  3733 | D        | Killed a rakshasa
  3745 | D        | Killed a stone giant
  3745 | D        | Reached XP level 13. HP: 49/132 MP: 4/25
  4272 | D        | Noticed Snorg
  4273 | D        | Noticed Sonja
  4274 | D        | Killed Sonja
  4293 | D        | Killed Snorg
  5280 | D        | Noticed Rupert
  5301 | D        | Killed Rupert
  5301 | D        | Reached XP level 14. HP: 130/146 MP: 17/26
  5566 | D        | Noticed a fire giant
  5566 | D        | Noticed a stone giant
  5568 | D        | Noticed a frost giant
  5568 | D        | Killed a stone giant
  5572 | D        | Killed a fire giant
  5574 | D        | Noticed a spriggan defender
  5577 | D        | Reached skill level 10 in Dodging
  5587 | D        | Killed a frost giant
  5593 | D        | Noticed a green very ugly thing
  5595 | D        | Noticed a fire giant
  5600 | D        | Killed a spriggan defender
  5600 | D        | Killed a green very ugly thing
  5600 | D        | Killed a fire giant
  5601 | D        | HP: 7/148 [ettin/dire flail (31)]
  5605 | D        | Paralysed by a great orb of eyes for 7 turns
  5610 | D        | Noticed a red very ugly thing
  5631 | D        | Killed a red very ugly thing
  6132 | D        | Noticed an ironheart preserver
  6140 | D        | Killed an ironheart preserver
  6168 | D        | Noticed an ironheart preserver
  6193 | D        | Killed an ironheart preserver
  6194 | D        | Noticed a stone giant
  6214 | D        | Reached XP level 15. HP: 153/158 MP: 28/28
  6330 | D        | Noticed a tengu reaver
  6334 | D        | Noticed Sojobo
  6338 | D        | Noticed a tengu reaver
  6340 | D        | Killed Sojobo
  6340 | D        | Killed a tengu reaver
  6347 | D        | Killed a tengu reaver
  6378 | D        | Noticed Margery
  7325 | D        | Killed Margery
  7852 | D        | Noticed Mara
  7860 | D        | Noticed Groucho's illusion
  7862 | D        | Killed Mara
  7956 | D        | Got the +0 large shield of Icraxzusoa {-Cast +Fly Int+3}
  8007 | D        | Noticed Jory
  8034 | D        | Killed Jory
  8059 | D        | Noticed Frederick
  8060 | D        | Noticed Nikola
  8065 | D        | Killed Frederick
  8085 | D        | Killed Nikola
  8643 | D        | Noticed Boris
  8670 | D        | Killed Boris
  8670 | D        | Reached XP level 16. HP: 125/172 MP: 30/30
  9377 | D        | Got a gossamer rune of Zot
  9384 | D        | Noticed a nagaraja
  9384 | D        | Noticed a nagaraja
  9390 | D        | Killed a nagaraja
  9390 | D        | Reached skill level 15 in Dodging
  9392 | D        | Killed a nagaraja
  9401 | D        | Noticed a nagaraja
  9403 | D        | Noticed a nagaraja
  9407 | D        | Noticed a nagaraja
  9415 | D        | Killed a nagaraja
  9422 | D        | Killed a nagaraja
  9423 | D        | Killed a nagaraja
  9440 | D        | Got a serpentine rune of Zot
  9689 | D        | Got a decaying rune of Zot
  9945 | D        | Noticed Ilsuiw
  9995 | D        | Killed Ilsuiw
  9995 | D        | Reached XP level 17. HP: 149/185 MP: 15/32
  9998 | D        | Got a barnacled rune of Zot
 10497 | D        | Noticed a lich
 10499 | D        | Killed a lich
 10611 | D        | Reached skill level 27 in Fighting
 10640 | D        | Got a twitching zirconium amulet
 10643 | D        | Got a silver rune of Zot
 11035 | D        | Noticed Mennas
 11060 | D        | Killed Mennas
 11060 | D        | Reached XP level 18. HP: 182/200 MP: 33/33
 11118 | D        | Got the ring "Geifroh" {Str+3 Int+2}
 11121 | D        | Got the ring of Ner Barrila {rElec Str+2 Int+3}
 11124 | D        | Got the ring of the Hero {Fire rElec Int+6}
 11127 | D        | Got the ring "Giat" {+Fly Dex+3}
 11130 | D        | Got the amulet of Umaggait {Reflect Slay+2 SH+3}
 11436 | D        | Noticed a curse toe
 11436 | D        | Noticed a tentacled monstrosity
 11447 | D        | Reached skill level 27 in Shields
 11447 | D        | Killed a tentacled monstrosity
 11447 | D        | Reached skill level 27 in Armour
 11458 | D        | Killed a curse toe
 12274 | D        | Noticed a tentacled monstrosity
 12302 | D        | Killed a tentacled monstrosity
 12340 | D        | Reached skill level 27 in Axes
 12549 | D        | Noticed a golden dragon
 12554 | D        | Killed a golden dragon
 12555 | D        | Reached skill level 27 in Invocations
 12583 | D        | Reached XP level 19. HP: 190/207 MP: 33/36
 12848 | D        | Reached skill level 27 in Dodging
 12854 | D        | Reached skill level 5 in Evocations
 12876 | D        | Noticed an ancient lich
 12891 | D        | Killed an ancient lich
 13320 | D        | Noticed an orb of fire
 13320 | D        | Gained mutation: You are clumsy. (Dex -2) [an orb of fire]
 13324 | D        | Gained mutation: You are frail. (-10% HP) [an orb of fire]
 13331 | D        | Gained mutation: Your body sometimes deteriorates upon taking damage. [an orb of fire]
 13334 | D        | Gained mutation: You expend magic power (3 MP) to strengthen your wands. [an orb of fire]
 13344 | D        | Killed from afar by an orb of fire

Skill      XL: |  1  2  3  4  5  6  7  8  9 10 11 12 13 14 15 16 17 18 19 |
---------------+----------------------------------------------------------+-----
Axes           | 7 8 10 11 12 14 15 17 18 19 20 21 23 24 27 | 27.0
Fighting       | 5 6 7 8 9 11 12 13 15 17 19 21 23 25 27 | 27.0
Armour         | 5 7 9 10 11 13 14 16 17 19 21 23 25 27 | 27.0
Shields        | 5 7 9 10 11 13 14 16 17 19 21 23 25 27 | 27.0
Invocations    | 4 5 7 9 11 13 15 16 17 19 20 22 23 27 | 27.0
Dodging        | 1 6 9 11 14 16 18 23 27 | 27.0
Evocations     | 12 | 12.6

Action                   |  1- 3 |  4- 6 |  7- 9 | 10-12 | 13-15 | 16-18 | 19-21 || total
-------------------------+-------+-------+-------+-------+-------+-------+-------++-------
Melee: War axe           |    21 |    30 |    71 |   267 |   344 |       |       ||   733
       Broad axe         |       |       |       |       |    65 |   700 |   174 ||   939
Invok: Upheaval          |       |       |     5 |    27 |    36 |     5 |       ||    73
       Disaster Area     |       |       |       |     3 |     3 |    15 |     1 ||    22
 Abil: Stop Flying       |       |       |       |     1 |       |       |       ||     1
Evoke: Wand              |       |       |       |       |     1 |       |       ||     1
  Use: Potion            |     2 |     1 |       |     1 |     6 |     5 |     1 ||    16
       Scroll            |       |       |       |       |     2 |       |       ||     2
 Stab: Invisible         |       |     1 |       |       |       |       |       ||     1
  Eat: Bread ration      |       |       |       |     1 |     2 |     1 |       ||     4
       Meat ration       |       |       |       |     1 |       |     1 |     1 ||     3
       Fruit             |       |       |       |       |    11 |     1 |       ||    12
       Chunk             |       |       |       |       |       |       |     1 ||     1
Armor: Scale mail        |     6 |       |       |       |       |       |       ||     6
       Plate armour      |       |     5 |    22 |    20 |       |    16 |       ||    63
       Shadow dragon sca |       |       |       |    24 |    63 |    36 |       ||   123
       Storm dragon scal |       |       |       |       |       |    20 |    10 ||    30
Dodge: Dodged            |     8 |     5 |    12 |    31 |    67 |   106 |    23 ||   252
       Deflected         |       |       |       |     1 |     4 |    11 |     2 ||    18
Block: Shield            |     8 |    10 |    48 |   194 |   281 |       |       ||   541
       Reflection        |       |       |       |     3 |    13 |    22 |     3 ||    41
       Large shield      |       |       |       |       |    33 |   611 |   105 ||   749
